 Dungeon Crawl Stone Soup version 0.25.1-2-g60ff931df9 (webtiles) character file.

Game seed: 17807229441956675111

9946 nikku the Cleaver (level 11, -8/157 HPs)
             Began as a Minotaur Berserker on Nov 9, 2020.
             Was a High Priest of Trog.
             Mangled by a 15-headed hydra (11 damage)
             ... on level 1 of the Lair of Beasts.
             The game lasted 00:19:56 (9666 turns).

nikku the Cleaver (Minotaur Berserker)              Turns: 9666, Time: 00:19:56

Health: -8/157     AC: 14    Str: 31    XL:     11   Next: 29%
Magic:  10/10      EV:  9    Int:  4    God:    Trog [*****.]
Gold:   571        SH: 10    Dex: 10    Spells: 10/10 levels left

rFire    . . .     SeeInvis .   o - +4 war axe
rCold    . . .     Gourm    .   C - +0 kite shield
rNeg     . . .     Faith    .   e - +1 ring mail {rPois}
rPois    +         Spirit   .   p - +1 hat
rElec    .         Reflect  .   u - +1 cloak
rCorr    .         Harm     .   f - +1 pair of gloves
MR       ++...                  (no boots)
Stlth    ..........             n - amulet of the acrobat
HPRegen  1.36/turn              q - +4 ring of slaying
MPRegen  0.12/turn              b - +6 ring of strength

@: berserking (expiring), regenerating, very quick
A: retaliatory headbutt, horns 2
a: Berserk, Trog's Hand, Brothers in Arms, Renounce Religion


You were on level 1 of the Lair of Beasts.
You worshipped Trog.
Trog was extremely pleased with you.
You were very hungry.

You visited 2 branches of the dungeon, and saw 12 of its levels.
You also visited: Sewer.

You collected 681 gold pieces.
You spent 110 gold pieces at shops.

Inventory:

Hand Weapons
 o - a +4 war axe (weapon)
Missiles
 h - 79 poisoned darts (quivered)
 w - 5 curare-tipped darts
Armour
 e - a +1 ring mail of poison resistance (worn)
 f - a +1 pair of gloves (worn)
 p - a +1 hat (worn)
 u - a +1 cloak (worn)
 C - a +0 kite shield (worn)
Jewellery
 b - a +6 ring of strength (right hand)
 n - an amulet of the acrobat (around neck)
 q - a +4 ring of slaying (left hand)
Wands
 a - a wand of paralysis (11)
 k - a wand of iceblast (19)
 l - a wand of enslavement (8)
 A - a wand of flame (67)
Scrolls
 d - 2 scrolls of remove curse
 s - a scroll of fear
 x - a scroll of magic mapping
 y - 3 scrolls of teleportation
 E - 3 scrolls of identify
Potions
 g - a potion of mutation
 i - 6 potions of curing
 j - 2 potions of might
 m - a potion of cancellation {unknown}
 r - a potion of flight
 v - a potion of lignification
 z - 6 potions of heal wounds
 B - a potion of haste
 D - 2 potions of ambrosia
Comestibles
 c - 20 rations
 t - 11 chunks of flesh


   Skills:
 + Level 12.3 Fighting
 + Level 12.3 Axes
 + Level 12.2 Armour
 - Level 2.1 Dodging
 + Level 3.0 Shields


You had 10 spell levels left.
You didn't know any spells.
Your spell library was empty.

Dungeon Overview and Level Annotations

Branches:
Dungeon (11/15)            Temple (0/1) D:4            Lair (1/6) D:10
    Orc (0/2) D:10          Sewer (visited)

Altars:
Cheibriados
Dithmenos
Elyvilon
Gozag
Hepliaklqana
Okawaru
Ru
The Shining One

Shops:
D:6 !   D:9 =   D:10 (

Annotations:
D:6 1 runed translucent door, Farlane's ghost, novice DEFE


Innate Abilities, Weirdness & Mutations

You reflexively headbutt those who attack you in melee.
You have a pair of horns on your head.


Message History

You block the 15-headed hydra's attack.
The 15-headed hydra bites you but does no damage.
You block the 15-headed hydra's attack.
The 15-headed hydra bites you but does no damage.
The 15-headed hydra bites you.
* * * LOW HITPOINT WARNING * * *
You block the 15-headed hydra's attack.
The 15-headed hydra bites you but does no damage.
The 15-headed hydra bites you.
* * * LOW HITPOINT WARNING * * *
The 15-headed hydra bites you.
* * * LOW HITPOINT WARNING * * *
The 15-headed hydra bites you!
* * * LOW HITPOINT WARNING * * *
The 15-headed hydra bites you.
* * * LOW HITPOINT WARNING * * *
The 15-headed hydra bites you.
* * * LOW HITPOINT WARNING * * *
The 15-headed hydra bites you!
You die...

..........
#.......)#
........#
##......###
.........#
#.)...# ##
##ยง....#..#
..##...D...".#
..".....@.#.#.#
............#
##..$.....#....#
###..#.........
#.....#####...
#......# ...
#.#..... .. #.
..##


You could see a 15-headed hydra.

Vanquished Creatures
  Fannar (Lair:1)
  3 two-headed ogres
  Sonja (D:11)
  Pikel (D:6)
  The ghost of TheAlmogaver the Chopper, a novice MiBe of Trog (D:5)
  Joseph (D:9)
  A troll (D:10)
  A hungry ghost (D:10)
  Menkaure (D:7)
  Duvessa (D:5)
  2 phantoms
  4 sky beasts
  5 orc warriors
  3 slaves (D:6)
  A necrophage (D:10)
  2 ice beasts
  3 ogres
  5 centaurs
  A big kobold (D:5)
  A gnoll sergeant (D:10)
  6 bullfrogs
  Dowan (D:5)
  4 scorpions
  A troll zombie (D:10)
  A water moccasin skeleton (D:5)
  3 killer bees (D:8)
  A vampire bat (D:3)
  5 howler monkeys
  5 crimson imps
  A jelly (D:7)
  4 orc wizards
  3 bullfrog zombies
  A centaur zombie (D:6)
  8 orc priests
  Crazy Yiuf (D:4)
  2 bullfrog skeletons
  4 hounds
  A centaur skeleton (D:5)
  4 iguanas
  Natasha (thrice) (D:4)
  12 worker ants
  A killer bee zombie (D:8)
  7 ogre zombies (D:10)
  A howler monkey skeleton (D:5)
  12 adders
  8 gnolls
  3 shadow imps (D:5)
  An ooze (D:3)
  6 adder skeletons
  3 worms
  4 dart slugs
  8 leopard geckos
  37 orcs
  13 bats
  15 giant cockroaches
  7 goblins
  4 hobgoblins
  22 kobolds
  3 quokkas
  7 ball pythons
  7 frilled lizards
  A giant cockroach zombie (D:5)
  A goblin skeleton (D:10)
  3 goblin zombies (D:10)
  A hobgoblin skeleton (D:10)
  2 hobgoblin zombies (D:10)
  2 leopard gecko skeletons (D:5)
  2 orc skeletons (D:10)
  16 orc zombies (D:10)
  A quokka skeleton (D:7)
  10 rats
318 creatures vanquished.

Notes
Turn   | Place    | Note
-------+----------+-------------------------------------------
     0 | D:1      | nikku the Minotaur Berserker began the quest for the Orb.
     0 | D:1      | Reached XP level 1. HP: 19/19 MP: 0/0
   132 | D:1      | Reached XP level 2. HP: 25/27 MP: 1/1
   724 | D:2      | Reached XP level 3. HP: 33/33 MP: 2/2
   835 | D:2      | Reached ** piety under Trog
  1135 | D:2      | Found a shadowy altar of Dithmenos.
  1135 | D:2      | Found an opulent altar of Gozag.
  1136 | D:2      | Found a sacrificial altar of Ru.
  1338 | D:2      | Reached XP level 4. HP: 40/41 MP: 3/3
  1561 | D:3      | Reached XP level 5. HP: 35/47 MP: 4/4
  1725 | D:3      | Reached skill level 5 in Fighting
  1725 | D:3      | Reached skill level 5 in Axes
  1822 | D:3      | Reached *** piety under Trog
  1990 | D:3      | Found a glowing drain.
  1997 | Sewer    | Entered a sewer
  2286 | Sewer    | Reached skill level 5 in Armour
  2286 | Sewer    | Reached XP level 6. HP: 28/57 MP: 5/5
  2786 | D:4      | Reached XP level 7. HP: 63/63 MP: 6/6
  2980 | D:4      | Got a scorched leather armour
  2991 | D:4      | Identified the +0 leather armour of Wocsupn {Int+2} (You
                  | found it on level 4 of the Dungeon)
  3393 | D:4      | Found a hazy altar of Hepliaklqana.
  3394 | D:4      | Noticed Natasha
  3399 | D:4      | Killed Natasha
  3441 | D:4      | Found an iron altar of Okawaru.
  3443 | D:4      | Found a snail-covered altar of Cheibriados.
  3497 | D:4      | Found a runed translucent door.
  3498 | D:4      | Noticed Crazy Yiuf
  3576 | D:4      | Found a staircase to the Ecumenical Temple.
  3682 | D:4      | Noticed Natasha
  3688 | D:4      | Killed Natasha
  3832 | D:4      | Noticed Natasha
  3840 | D:4      | Killed Natasha
  3900 | D:4      | Killed Crazy Yiuf
  3948 | D:5      | Entered Level 5 of the Dungeon
  3974 | D:5      | Reached XP level 8. HP: 73/73 MP: 7/7
  3976 | D:5      | Reached **** piety under Trog
  4184 | D:5      | Found a runed translucent gate.
  4184 | D:5      | Found a runed translucent gate.
  4453 | D:5      | Noticed Dowan
  4453 | D:5      | Noticed Duvessa
  4461 | D:5      | Killed Duvessa
  4470 | D:5      | Killed Dowan
  4654 | D:5      | Found a runed translucent gate.
  4655 | D:5      | Noticed TheAlmogaver's ghost (novice MiBe)
  4685 | D:5      | Killed TheAlmogaver's ghost
  4685 | D:5      | Reached XP level 9. HP: 83/83 MP: 8/8
  4873 | D:6      | Found a runed translucent door.
  4880 | D:6      | Noticed Farlane's ghost (novice DEFE)
  4974 | D:6      | Found Jaraw's Distillery.
  4984 | D:6      | Bought a potion of heal wounds for 55 gold pieces
  4984 | D:6      | Bought a potion of heal wounds for 55 gold pieces
  5311 | D:6      | Found a glowing golden altar of the Shining One.
  5324 | D:6      | Noticed Pikel
  5337 | D:6      | Killed Pikel
  5337 | D:6      | Reached skill level 10 in Fighting
  5337 | D:6      | Reached skill level 10 in Axes
  5638 | D:7      | Reached skill level 10 in Armour
  5810 | D:7      | Noticed a two-headed ogre
  5820 | D:7      | Killed a two-headed ogre
  5820 | D:7      | Reached XP level 10. HP: 32/94 MP: 9/9
  6310 | D:7      | Noticed Menkaure
  6320 | D:7      | Killed Menkaure
  6849 | D:8      | Noticed a two-headed ogre
  7208 | D:8      | Killed a two-headed ogre
  7641 | D:8      | Found a white marble altar of Elyvilon.
  8100 | D:9      | Noticed Joseph
  8111 | D:9      | Killed Joseph
  8266 | D:9      | Noticed a two-headed ogre
  8275 | D:9      | Killed a two-headed ogre
  8335 | D:9      | Found Plog's Jewellery Boutique.
  8768 | D:10     | Entered Level 10 of the Dungeon
  8768 | D:10     | Found a staircase to the Orcish Mines.
  8876 | D:10     | Found a staircase to the Lair.
  8941 | D:10     | Reached ***** piety under Trog
  8941 | D:10     | Reached XP level 11. HP: 100/104 MP: 10/10
  9076 | D:10     | Found Faod's Antique Weapon Boutique.
  9291 | D:10     | Reached skill level 1 in Shields
  9591 | D:11     | Noticed Sonja
  9596 | D:11     | Killed Sonja
  9649 | Lair:1   | Entered Level 1 of the Lair of Beasts
  9649 | Lair:1   | Noticed Fannar
  9651 | Lair:1   | Noticed an eight-headed hydra
  9662 | Lair:1   | Killed Fannar
  9666 | Lair:1   | HP: 4/157 [15-headed hydra (4)]
  9666 | Lair:1   | Mangled by a 15-headed hydra

Illustrated notes

Levels and vault maps discovered:
D:1:      lemuel_arrival_room, layout_basic, minmay_tetromino_t4
D:2:      layout_loops_cross, gammafunk_temple_overflow_claw
D:3:      layout_basic, portal_sewer_entry_e, first_ration, st_stairs_2,
          roderic_batcave, minmay_misc_feat_room
D:4:      layout_loops_corners, gammafunk_temple_overflow_forgotten,
          minmay_temple_entry_crystal_x, serial_bayou_crossing, uniq_natasha,
          uniq_crazy_yiuf_cottage
D:5:      minmay_spotlight, layout_loops_ring, gammafunk_ghost_nasty_kobolds,
          uniq_duvessa, uniq_grinder
D:6:      layout_cave_pools, basic_altar, ebering_ghost_sewer_d, serial_shops,
          nicolae_shop_stone, uniq_pikel
D:7:      layout_loops_ring, uniq_menkaure
D:8:      layout_basic, nicolae_overflow_crystal_walls
D:9:      layout_basic, serial_shops, kennysheep_mini_moat, uniq_joseph
D:10:     layout_roguey, lair_entry_dummy, zombieorc2_lemuel, serial_shops,
          shop_statue, special_room [special_room_orc]
D:11:     layout_grid_maze, grunt_ogre_cave, minmay_misc_feat_cross, uniq_urug,
          uniq_sonja
Lair:1:   layout_misc_corridors, serial_bayou_pond_c, uniq_fannar,
          uniq_gastronok

Skill      XL: |  1  2  3  4  5  6  7  8  9 10 11 |
---------------+----------------------------------+-----
Fighting       | 4 5 6 7 9 10 12 | 12.3
Axes           | 4 5 6 7 9 10 12 | 12.3
Armour         | 3 4 5 6 8 10 11 12 | 12.2
Shields        | 3 |  3.0
Dodging        | |  2.1

Action                   |  1- 3 |  4- 6 |  7- 9 | 10-12 || total
-------------------------+-------+-------+-------+-------++-------
Melee: Hand axe          |    79 |   163 |       |       ||   242
       Headbutt          |    16 |    22 |    53 |    37 ||   128
       War axe           |       |     1 |   201 |   186 ||   388
Throw: Dart              |       |       |       |     2 ||     2
Invok: Trog's Hand       |       |     1 |     5 |     8 ||    14
       Berserk           |       |     1 |     4 |     5 ||    10
  Use: Scroll            |     1 |     5 |    13 |     9 ||    28
 Stab: Sleeping          |       |       |     5 |     1 ||     6
  Eat: Chunk             |     1 |     6 |    12 |    16 ||    35
       Ration            |       |       |     1 |     1 ||     2
Armor: Animal skin       |     2 |       |       |       ||     2
       Ring mail         |    23 |    74 |    74 |    67 ||   238
Dodge: Dodged            |    32 |   108 |   112 |   121 ||   373
Block: Kite shield       |       |       |       |    26 ||    26
